 Dungeon Crawl Stone Soup version 0.14-a0-2644-gcc8e764 (webtiles) character file.

406 CrazyArbalest the Bolt Thrower (level 5, 0/38 HPs)
             Began as a Demonspawn Hunter on Feb 16, 2014.
             Slain by an iguana (6 damage)
             ... on Level 4 of the Dungeon.
             The game lasted 00:15:01 (4186 turns).

CrazyArbalest the Bolt Thrower (Demonspawn Hunter)  Turns: 4186, Time: 00:15:02

HP   0/38        AC  6     Str 14      XL: 5   Next: 86%
MP   5/5         EV 14     Int 12      God:
Gold 157         SH  0     Dex 13      Spells:  0 memorised,  4 levels left

rFire  . . .     SeeInvis .     a - +0,+4 hammer
rCold  . . .     Clarity  .     y - +0 orc leather armour
rNeg   . . .     Conserve .     (no shield)
rPois  .         rCorr    .     g - +1 helmet
rElec  .         rRot     .     s - +0 cloak
SustAb . .       Spirit   .     (no gloves)
rMut   .         Warding  .     (no boots)
Saprov . . .     Stasis   .     (no amulet)
MR     .....                    (no ring)
                                (no ring)

@: not resistant to hostile enchantments, unstealthy
A: hooves 1, repulsion field 1, spiny 1
a: no special abilities


You were on level 4 of the Dungeon.
You were not hungry.

You visited 1 branch of the dungeon, and saw 4 of its levels.

You collected 157 gold pieces.

Inventory:

Hand weapons
 a - a +0,+4 hammer (weapon)
 b - a +1,+1 crossbow
 p - a +2,+3 dwarven dagger of venom
 t - a +1,+1 whip
 x - a -1,+1 orcish anti-magic dagger
 D - a -1,+1 orcish morningstar
 F - a +2,+0 elven whip
 G - a -1,+1 orcish flail
Missiles
 c - 37 bolts
 h - 15 bolts of flame
Armour
 g - a +1 helmet (worn)
 s - a +0 cloak (worn)
 y - a +0 orcish leather armour (worn)
 H - a cursed +0 orcish leather armour
Comestibles
 f - 2 bread rations
 o - a meat ration
 u - a chunk of bat flesh
 v - an apple
 z - a rotting chunk of bat flesh
 A - a chunk of bat flesh
 C - a chunk of giant gecko flesh
Scrolls
 d - a scroll of fog {unknown}
 i - 2 scrolls of identify {unknown}
 k - a scroll of fear {unknown}
 l - a scroll of curse weapon {unknown}
 m - a scroll of teleportation {unknown}
 q - 3 scrolls of blinking {unknown}
 w - a scroll of amnesia {unknown}
 B - a scroll of curse jewellery {unknown}
 K - a scroll of recharging {unknown}
Jewellery
 E - a cursed -2,+5 ring of slaying {unknown}
Potions
 e - a potion of brilliance {unknown}
 j - a potion of resistance {unknown}
 n - a potion of agility {unknown}
 r - 4 potions of curing {unknown}
 I - a potion of heal wounds


   Skills:
 + Level 1.8 Fighting
 + Level 1.0 Short Blades
 + Level 1.1 Maces & Flails
 * Level 4.8 Crossbows
 + Level 1.9 Armour
 + Level 3.1 Dodging
 + Level 1.1 Stealth


You had 4 spell levels left.
You didn't know any spells.

Dungeon Overview and Level Annotations

Branches:
Dungeon (4/16)
 Temple: D:4-7

Altars:
Yredelemnul


Innate Abilities, Weirdness & Mutations

You have large cloven feet.
You are surrounded by a mild repulsion field (EV +2).
You are partially covered in sharp spines.


Message History

The orc wizard closely misses you. The iguana bites you.
The iguana closely misses you.
The orc wizard gestures wildly while chanting.
The orc wizard seems to speed up.
You barely miss the orc wizard.
The orc wizard is moderately wounded.
The orc wizard barely misses you.
The iguana bites you but does no damage.
You sock the orc wizard!
The orc wizard is almost dead.
The orc wizard hits you but does no damage.
The orc wizard casts a spell at you. The magic dart hits you!
The iguana barely misses you.
You closely miss the orc wizard. Your kick misses the orc wizard.
The orc wizard is almost dead.
The orc wizard casts a spell at you. The puff of frost hits you!
* * * LOW HITPOINT WARNING * * *
The iguana is struck by your spines. The iguana bites you.
You die...

.........
............
..............
...............
##..............
.##.............
..#...........<.
##o.#.....<.......
##@l##.............
#..##..####....%...
#...%..# #........ #
##..##.# #...(....
#..####..# #.(......
.##......## #........
......##.## #........
#......######........
#.............###....


You could see an iguana and an orc wizard.

Vanquished Creatures
  Crazy Yiuf (D:2)
  An orc priest (D:3)
  A scorpion (D:4)
  6 adders
  A giant mite (D:3)
  A giant gecko (D:4)
  2 oozes
  9 orcs (D:3)
  9 bats
  3 giant cockroaches
  11 goblins
  12 hobgoblins
  10 jackals
  9 kobolds
  2 quokkas (D:2)
  2 ball pythons
  A giant newt (D:2)
  16 rats
97 creatures vanquished.

Notes
Turn   | Place    | Note
--------------------------------------------------------------
     0 | D:1      | CrazyArbalest, the Demonspawn Hunter, began the quest for the Orb.
     0 | D:1      | Reached XP level 1. HP: 15/15 MP: 1/1
    75 | D:1      | Reached skill level 4 in Crossbows
   277 | D:1      | Gained mutation: You are partially covered in sharp spines. [demonic ancestry]
   277 | D:1      | Reached XP level 2. HP: 16/21 MP: 2/2
   973 | D:1      | Gained mutation: You have large cloven feet. [demonic ancestry]
   973 | D:1      | Reached XP level 3. HP: 21/26 MP: 3/3
  1308 | D:2      | HP: 1/26 [poisoned by an adder]
  1438 | D:2      | Noticed Crazy Yiuf
  1444 | D:2      | Paralysed by Crazy Yiuf for 5 turns
  1445 | D:2      | Killed Crazy Yiuf
  1445 | D:2      | Reached skill level 1 in Stealth
  1445 | D:2      | Gained mutation: You are surrounded by a mild repulsion field (EV +2). [demonic ancestry]
  1445 | D:2      | Reached XP level 4. HP: 8/32 MP: 4/4
  1606 | D:2      | Reached skill level 1 in Armour
  2946 | D:3      | Reached skill level 1 in Short Blades
  2946 | D:3      | Reached XP level 5. HP: 10/37 MP: 5/5
  2987 | D:3      | Found a basalt altar of Yredelemnul.
  3657 | D:3      | Reached skill level 1 in Maces & Flails
  4186 | D:4      | Slain by an iguana

Action                   |  1- 3 |  4- 6 || total
-------------------------+-------+-------++-------
Melee: Short sword       |   119 |       ||   119
       Whip              |     2 |       ||     2
       Hammer            |       |   168 ||   168
 Fire: Crossbow          |     6 |       ||     6
  Use: Potion            |     3 |       ||     3
 Stab: Sleeping          |       |     1 ||     1
